 Dungeon Crawl Stone Soup version 0.30-a0-702-gdf48620a09 (webtiles) character file.

Game seed: 7946387243684623174

19881 drugrobin the Brawler (level 12, -19/101 HPs)
             Began as a Demigod Delver on Jan 22, 2023.
             Killed by the air
             ... invoked by Gastronok
              (33 damage)
             ... on level 2 of the Lair of Beasts.
             The game lasted 00:40:12 (15891 turns).

drugrobin the Brawler (Demigod Delver)             Turns: 15891, Time: 00:40:12

Health: -19/101    AC: 14    Str: 21    XL:     12   Next: 12%
Magic:  15/15      EV: 14    Int: 16    God:
Gold:   691        SH:  4    Dex: 19    Spells: 1/11 levels left

rFire   . . .      SeeInvis .      - Unarmed
rCold   . . .      Faith    .    m - +0 buckler {AC+3}
rNeg    + . .      Spirit   .    O - +5 leather armour "Sapaveet" {rN+ rCorr}
rPois   +          Reflect  .    z - +2 hat
rElec   .          Harm     .    j - +0 cloak
rCorr   +          Rampage  .    (no gloves)
Will    +....                    (no boots)
Stlth   +++                      (no amulet)
HPRegen 0.36/turn                y - ring of wizardry
MPRegen 0.14/turn                h - ring of poison resistance

@: no status effects
A: high MP 1, forlorn, divine attributes
a: no special abilities


You were on level 2 of the Lair of Beasts.
You visited 2 branches of the dungeon, and saw 13 of its levels.

You collected 691 gold pieces.

Inventory:

Hand Weapons
 b - a +0 sling
 c - a +2 dagger of draining
Missiles
 H - 4 boomerangs (quivered)
 I - 25 poisoned darts
Armour
 j - a +0 cloak (worn)
 m - a +0 buckler of protection (worn)
 z - a +2 hat (worn)
 O - the +5 leather armour "Sapaveet" (worn) {rN+ rCorr}
   (You found it on level 9 of the Dungeon)

   rN:        It protects you from negative energy.
   rCorr:     It protects you from acid and corrosion.
Magical Staves
 E - a staff of fire
Jewellery
 h - a ring of poison resistance (right hand)
 y - a ring of wizardry (left hand)
 C - a ring of wizardry
Wands
 f - a wand of digging (4)
 k - a wand of mindburst (9)
 G - a wand of polymorph (4)
 N - a wand of flame (4)
Scrolls
 a - 2 scrolls of vulnerability
 g - a scroll of silence
 n - 2 scrolls of noise {unknown}
 o - 9 scrolls of magic mapping
 p - a scroll of summoning
 t - 7 scrolls of teleportation
 w - 3 scrolls of poison {unknown}
 x - 2 scrolls of fog
 A - 2 scrolls of enchant armour {unknown}
 L - 2 scrolls of fear
Potions
 d - 2 potions of invisibility {unknown}
 e - a potion of haste
 i - 4 potions of flight
 l - a potion of lignification
 q - 5 potions of attraction
 r - 2 potions of cancellation
 s - 3 potions of curing
 B - 2 potions of mutation {unknown}
 D - a potion of might {unknown}
 F - 4 potions of heal wounds {unknown}
 P - 8 potions of ambrosia


   Skills:
 + Level 7.8 Fighting
 + Level 5.0 Dodging
 - Level 4.5 Stealth
 + Level 16.5 Unarmed Combat
 + Level 2.7 Evocations


You had one spell level left.
You knew the following spells:

 Your Spells              Type           Power      Damage    Failure   Level
a - Summon Small Mammal   Summ           0%         N/A       16%         1
b - Call Canine Familiar  Summ           0%         N/A       43%         3
c - Summon Guardian Gole  Hex/Summ       0%         N/A       43%         3
d - Wereblood             Tmut           0%         N/A       24%         2
e - Beastly Appendage     Tmut           0%         N/A       16%         1

Your spell library contained the following spells:

 Spells                   Type           Power      Damage    Failure   Level
 Sublimation of Blood     Necr           0%         N/A       24%         2
 Ignite Poison            Fire/Tmut/Pois 0%         N/A       43%         3
 Spider Form              Tmut/Pois      0%         N/A       43%         3
 Animate Dead             Necr           0%         N/A       82%         4
 Sticky Flame             Conj/Fire      0%         2d3       82%         4
 Haunt                    Necr/Summ      0%         N/A       100%        7
 Summon Hydra             Summ           0%         N/A       100%        7
 Ignition                 Fire           0%         3d3       100%        8
 Infestation              Necr           0%         N/A       100%        8


Dungeon Overview and Level Annotations

Branches:
Dungeon (11/15)            Temple (0/1) D:5            Lair (2/5) D:10
  Swamp: Lair:2-3    Shoals: Lair:2-3     Snake: Lair:2-3    Spider: Lair:2-3
    Orc: D:9-12

Annotations:
D:6 2 transporters, petzl's ghost, weakling FoDe
D:11 Josephine
Lair:2 Gastronok


Innate Abilities, Weirdness & Mutations

You have an increased reservoir of magic. (+10% MP)
You shall have no god before yourself.
Your divine heritage dramatically boosts your attributes as you level up.


Message History

Okay, then.
Okay, then.
Read: 3 scrolls of fear
Press: ? - help, Dir - look around, f - activate Look: Gastronok, wearing a +1 hat (weak-willed, chance to affect: 90%)
As you read the scroll of fear, it crumbles to dust.
You assume a fearsome visage.
Gastronok looks frightened!
The yak looks frightened!
Unknown command.
Unknown command.
Unknown command.
Unknown command.
Unknown command.
Unknown command.
Gastronok seems to regain his courage.
A yak comes into view.
Gastronok waves his eye-stalks in wide circles.
The air twists around and strikes you!!
* * * LOW HITPOINT WARNING * * *
Unknown command.
Unknown command.
Unknown command.
You feel better.
A yak comes into view.
A yak comes into view.
Unknown command.
Unknown command.
Unknown command.
Unknown command.
Unknown command.
Unknown command.
Your magical effects are unravelling.
You feel magically purged.
You feel less wooden.
Your +0 cloak unmelds from your body.
Your +2 hat unmelds from your body.
The +5 leather armour "Sapaveet" {rN+ rCorr} unmelds from your body.
You feel yourself speed up.
You feel your willpower return.
Gastronok waves his eye-stalks in wide circles.
The air twists around and strikes you!!
You die...

.P... .........
.....# .8........
~~~.~.##.#.......
~~.~.#...........
~.~~.P....#.....#
.~~~P..<.........
......).....#....
.~~~..#.<.....#
~.~~. #.†@..###
~~.~ #..†(...#
~~~......w..P#
#..P.........P#
##...#....#.....
....#P.........#
#.. ......Y...##
.##.Y..Y...P


You could see Gastronok (weak-willed) and 3 yaks.

Vanquished Creatures
  2 two-headed ogres
  5 elephants
  Joseph (D:7)
  2 rime drakes (Lair:1)
  8 cane toads
  A komodo dragon (Lair:1)
  A troll (D:9)
  A meliai (D:10)
  A polar bear (Lair:1)
  3 blink frogs (Lair:1)
  30 yaks
  2 jumping spiders
  3 wraiths
  3 wyverns
  3 steam dragons
  2 wargs (D:10)
  An acid dragon (D:9)
  3 water moccasins
  3 orc warriors
  An ice beast (D:8)
  2 black bears
  15 wolves
  2 centaurs
  A phantom (D:3)
  2 kobold brigands (D:7)
  2 gnoll sergeants
  6 bullfrogs
  A necrophage (D:6)
  Blork the orc (D:4)
  3 scorpions (D:5)
  6 wights
  32 killer bees
  2 howler monkeys (D:8)
  5 nameless horrors
  3 electric eels (Lair:1)
  4 jellies
  3 hounds
  7 orc priests
  2 iguanas
  12 orc wizards
  Robin (D:2)
  15 gnolls
  9 adders
  A white imp (D:6)
  2 ufetubi
  A worm (D:3)
  4 dart slugs
  40 orcs
  7 bats
  5 endoplasms
  4 giant cockroaches
  7 hobgoblins
  4 quokkas
  4 ball pythons
  A frilled lizard (D:2)
  14 goblins
  21 kobolds
  3 rats
330 creatures vanquished.

Vanquished Creatures (others)
  A bush (D:5)
  5 fungi
  21 plants
27 creatures vanquished.

Grand Total: 357 creatures vanquished

Notes
Turn   | Place    | Note
-------+----------+-------------------------------------------
     0 | D:5      | drugrobin the Demigod Delver began the quest for the Orb.
     0 | D:5      | Reached XP level 1. HP: 18/18 MP: 3/3
    91 | D:5      | Noticed an iguana
    97 | D:5      | Found a staircase to the Ecumenical Temple.
   171 | D:5      | Noticed a scorpion
   424 | D:4      | Noticed a hound
   458 | D:5      | Killed a hound
   459 | D:5      | Reached skill level 3 in Unarmed Combat
   459 | D:5      | Reached XP level 2. HP: 24/25 MP: 4/4
   469 | D:4      | Reached XP level 3. HP: 19/30 MP: 5/5
  1467 | D:2      | Reached skill level 4 in Unarmed Combat
  1541 | D:2      | Reached XP level 4. HP: 20/37 MP: 6/6
  2585 | D:3      | Reached skill level 5 in Unarmed Combat
  2585 | D:3      | Reached XP level 5. HP: 18/42 MP: 7/7
  2859 | D:3      | Noticed Robin
  2911 | D:2      | Killed Robin
  3370 | D:3      | Reached skill level 6 in Unarmed Combat
  3397 | D:4      | Noticed Blork the orc
  3412 | D:4      | Reached XP level 6. HP: 44/50 MP: 8/8
  4077 | D:5      | Reached skill level 7 in Unarmed Combat
  4366 | D:5      | Reached XP level 7. HP: 56/56 MP: 9/9
  4611 | D:6      | Noticed a steam dragon
  4625 | D:6      | Killed a steam dragon
  4626 | D:6      | Reached skill level 8 in Unarmed Combat
  5433 | D:6      | Found a transporter.
  5436 | D:6      | Found a transporter.
  5438 | D:6      | Noticed petzl's ghost (weakling FoDe)
  5511 | D:6      | Reached skill level 9 in Unarmed Combat
  5686 | D:6      | Reached XP level 8. HP: 45/62 MP: 10/10
  6102 | D:7      | Reached skill level 10 in Unarmed Combat
  6302 | D:7      | Reached skill level 11 in Unarmed Combat
  6326 | D:7      | Reached XP level 9. HP: 23/68 MP: 11/11
  6671 | D:7      | Noticed Joseph
  6694 | D:7      | Killed Joseph
  6695 | D:7      | Reached skill level 12 in Unarmed Combat
  8272 | D:8      | Noticed a two-headed ogre
  8282 | D:8      | Killed a two-headed ogre
  8283 | D:8      | Reached skill level 13 in Unarmed Combat
  9044 | D:4      | Killed Blork the orc
  9530 | D:9      | Reached XP level 10. HP: 56/74 MP: 13/13
  9638 | D:9      | Reached skill level 14 in Unarmed Combat
  9747 | D:9      | Identified the +5 leather armour "Sapaveet" {rN+ rCorr}
 10463 | D:9      | Reached skill level 15 in Unarmed Combat
 10694 | D:9      | Noticed a two-headed ogre
 11100 | D:9      | Killed a two-headed ogre
 11184 | D:10     | Entered Level 10 of the Dungeon
 11268 | D:10     | Learned a level 1 spell: Summon Small Mammal
 11272 | D:10     | Learned a level 3 spell: Call Canine Familiar
 11276 | D:10     | Learned a level 3 spell: Summon Guardian Golem
 11840 | D:10     | Reached XP level 11. HP: 85/85 MP: 14/14
 11877 | D:10     | Reached skill level 5 in Fighting
 12160 | D:10     | Identified the +0 leather armour of Catatonia {+Blink
                  | Dex+2}
 12300 | D:10     | Learned a level 2 spell: Wereblood
 12409 | D:10     | Found a staircase to the Lair.
 12684 | D:11     | Noticed Josephine
 12802 | Lair:1   | Entered Level 1 of the Lair of Beasts
 13150 | D:10     | Reached skill level 16 in Unarmed Combat
 14600 | Lair:1   | Reached skill level 1 in Evocations
 14760 | Lair:1   | HP: 4/92 [cane toad (11)]
 15759 | Lair:1   | Reached XP level 12. HP: 67/100 MP: 15/15
 15761 | Lair:1   | Learned a level 1 spell: Beastly Appendage
 15856 | Lair:2   | Noticed Gastronok
 15885 | Lair:2   | Reached skill level 5 in Dodging
 15891 | Lair:2   | Killed from afar by Gastronok

Illustrated notes

Levels and vault maps discovered:
D:1:      dpeg_arrival_brainrot, layout_basic, shapermc_ecumenical_altar_ellora
D:2:      layout_basic, basic_altar
D:3:      layout_loops_ring, minmay_statues_item, corexii_hall_statues_s,
          uniq_robin
D:4:      layout_cave_pools, minmay_misc_feat_tower, uniq_blork_the_orc
D:5:      layout_basic, minmay_temple_entry_stoned_glass,
          chequers_serial_rivers_micro_e, minmay_hedge_maze
D:6:      layout_cave_pods, gammafunk_ghost_smash,
          hangedman_abyss_or_decor_lesser_grid
D:7:      layout_basic, uniq_joseph
D:8:      layout_basic, mainiacjoe_overflow_concentric_impassable,
          serial_curves, eino_curves_03, eino_curves_02
D:9:      layout_loops_ring, nicolae_figureground_sparkle
D:10:     layout_roguey [special_room_bee], erik_lair_orcish_takeover
D:11:     layout_stronghold, gammafunk_ghost_ooze, uniq_josephine
Lair:1:   layout_chaotic_city, basic_altar, nicolae_quartered_pool_little,
          serial_bayou_lagoon_b
Lair:2:   layout_layer_cave, spider_nest_entry_a, special_room,
          grunt_megastairs_2, uniq_nergalle, uniq_gastronok

Skill      XL: |  1  2  3  4  5  6  7  8  9 10 11 12 |
---------------+-------------------------------------+-----
Unarmed Combat | 3 4 5 6 7 9 11 13 15 16 | 16.5
Fighting       | 4 7 |  7.8
Dodging        | 4 5 |  5.0
Evocations     | 2 |  2.7
Stealth        | |  4.5

Action                   |  1- 3 |  4- 6 |  7- 9 | 10-12 || total
-------------------------+-------+-------+-------+-------++-------
Melee: Unarmed           |   134 |   170 |   389 |   658 ||  1351
       Dagger            |     9 |    51 |    34 |     4 ||    98
 Fire: Sling             |     5 |     6 |    11 |     1 ||    23
Throw: Throwing net      |       |     1 |       |     2 ||     3
       Boomerang         |       |       |    20 |    54 ||    74
       Dart              |       |       |    11 |     7 ||    18
 Cast: Summon Small Mamm |       |       |       |    10 ||    10
       Call Canine Famil |       |       |       |     5 ||     5
Evoke: Wand              |       |     1 |       |    13 ||    14
  Use: Scroll            |       |     2 |     2 |    12 ||    16
       Potion            |       |       |     2 |     4 ||     6
 Stab: Sleeping          |     2 |       |     2 |     6 ||    10
       Distracted        |       |       |     1 |     1 ||     2
Armor: Ring mail         |    26 |       |    36 |     8 ||    70
       Chain mail        |    62 |   147 |    30 |       ||   239
       Steam dragon scal |       |       |    83 |       ||    83
       Leather armour    |       |       |       |   213 ||   213
       Skin              |       |       |       |   118 ||   118
Dodge: Dodged            |    76 |    73 |   156 |   295 ||   600
Block: Buckler           |    21 |    41 |    43 |   107 ||   212

Table legend: (Time is in decaauts)
 A = Elapsed time spent in this place.
 B = Non-inter-level travel time spent in this place.
 C = Inter-level travel time spent in this place.
 D = Time resting spent in this place.
 E = Time spent auto-exploring this place.
 F = Levels seen in this place.
 G = Mean time per level.
                   A        B        C        D        E       F      G
               +--------+--------+--------+--------+--------+-----+--------+
         Total |  15757 |  14828 |    929 |   2583 |   8395 |  13 | 1212.1 |
       Dungeon |  13187 |  12281 |    906 |   1869 |   7251 |  11 | 1198.8 |
          Lair |   2570 |   2547 |     23 |    714 |   1144 |   2 | 1285.0 |
               +--------+--------+--------+--------+--------+-----+--------+

Top non-repeatable levels by time:
  Lair:1: 2447 daAuts
    D:10: 2019 daAuts
     D:8: 1642 daAuts
     D:9: 1641 daAuts
     D:6: 1472 daAuts
     D:7: 1434 daAuts
     D:5: 1306 daAuts
     D:3: 1188 daAuts
     D:1: 986 daAuts
     D:2: 903 daAuts
     D:4: 557 daAuts
  Lair:2: 123 daAuts
    D:11: 33 daAuts
